Map: Galactic Process LE

Players

Gracz

  • Race: Terran Terran
  • League: Silver

Gyro - Winner!

  • Race: Terran Terran
  • League: Gold

VOD

Have the link to the VOD?

Description

Time

  • Played on: Oct. 22, 2016, 11:57 a.m.
  • Length: 12:58
Show
View Real Time Build Order
Export as new Build Order

Gracz Terran 

Build Orders: 1/1/1, MMM Bio 

Get SALT Encoding   

  12  0:01  SCV  
  13  0:17  Supply Depot  
  13  0:18  SCV  
  14  0:25  Refinery  
  14  0:31  SCV  
  15  0:42  Barracks  
  15  0:47  SCV  
  16  0:59  SCV  
  17  1:07  Supply Depot  
  18  1:11  SCV  
  18  1:14  Refinery  
  18  1:23  SCV  
  19  1:39  Factory  
  19  1:46  Barracks Tech Lab  
  19  1:49  SCV  
  20  2:02  SCV  
  20  2:08  Barracks, Stimpack  
  21  2:26  Starport  
  21  2:30  Factory Tech Lab  
  21  2:34  Orbital Command  
  21  2:41  Supply Depot  
  21  2:46  Marauder  
  23  2:56  Barracks Reactor  
  23  3:06  Starport Reactor  
  23  3:11  Cyclone  
  27  3:33  Marine x2  
  29  3:38  Marauder  
  31  3:43  Cyclone  
  35  3:57  Medivac  
  35  4:00  Unknown, Command Center  
  37  4:05  Marauder  
  39  4:22  Marine x2, Medivac  
  43  4:34  Cyclone  
  47  4:42  Supply Depot  
  47  5:03  Supply Depot  
  47  5:04  Marine x2, Marauder  
  51  5:08  Medivac  
  51  5:12  Unknown  
  53  5:15  Orbital Command  
  53  5:21  SCV  
  54  5:33  Cyclone  
  58  5:37  Combat Shields  
  58  5:52  Marine x2, Marauder  
  62  5:58  SCV  
  62  5:59  SCV  
  64  6:06  Medivac  
  56  6:40  Cyclone  
  28  7:43  Orbital Command  
  16  8:17  SCV  
  5  8:57  Orbital Command  
  5  9:46  SCV  
  6  9:53  Supply Depot  
  6  9:58  SCV  
  7  10:10  SCV  
  8  10:16  Barracks  
  8  10:20  Barracks  
  8  10:22  SCV  
  9  10:34  SCV  
  10  10:45  Supply Depot  
  10  10:46  SCV  
  11  10:52  Barracks  
  11  10:58  SCV  
  11  11:00  Refinery  
  12  11:16  Factory  
  12  11:21  Factory  
  12  11:25  SCV  
  13  11:26  Refinery  
  13  11:37  SCV  
  14  11:43  Barracks Tech Lab  
  14  11:55  SCV  
  14  11:58  Barracks Reactor  
  15  12:05  Barracks Tech Lab  
  15  12:07  SCV  
  16  12:19  SCV  
  16  12:20  Factory Tech Lab  
  16  12:22  Factory Tech Lab  
  17  12:32  SCV  
Show
View Real Time Build Order
Export as new Build Order

Gyro Terran - Winner!

Build Orders: MMM Bio 

Get SALT Encoding   

  12  0:01  SCV  
  13  0:14  SCV  
  14  0:20  Supply Depot  
  14  0:26  SCV  
  15  0:37  Supply Depot  
  15  0:46  Barracks  
  15  0:47  SCV  
  16  1:01  Barracks  
  16  1:06  SCV  
  17  1:15  Refinery  
  17  1:18  SCV  
  18  1:30  SCV  
  19  1:33  Marine  
  19  1:39  Refinery  
  20  1:42  SCV  
  21  1:49  Marine  
  21  1:52  Supply Depot  
  22  1:54  SCV  
  22  1:58  Marine  
  24  2:06  SCV  
  25  2:16  Marine  
  25  2:17  Factory  
  25  2:18  SCV  
  25  2:20  Marine  
  28  2:30  SCV  
  28  2:34  Marine  
  30  2:38  Marine  
  32  2:48  Orbital Command  
  31  2:52  Marine  
  31  2:53  Supply Depot  
  31  2:56  Marine  
  33  3:02  Factory Tech Lab  
  33  3:08  Starport  
  33  3:15  Barracks Tech Lab  
  33  3:16  Marine, Supply Depot  
  37  3:27  Siege Tank  
  37  3:37  Concussive Shells  
  37  3:41  Engineering Bay  
  37  3:48  Barracks  
  37  3:50  Medivac  
  39  4:00  Marauder  
  41  4:12  Missile Turret  
  41  4:16  Marine  
  42  4:20  Marine  
  42  4:21  Stimpack  
  43  4:24  Medivac  
  45  4:34  Marine  
  45  4:38  Missile Turret, Marine  
  47  4:47  Barracks Tech Lab, Missile Turret  
  47  4:54  Medivac  
  47  4:56  Marine  
  47  4:58  Supply Depot  
  50  5:12  Missile Turret  
  50  5:18  Combat Shields  
  50  5:22  Marauder  
  50  5:23  Missile Turret, Marauder  
  50  5:24  Medivac  
  56  5:36  Missile Turret  
  56  6:07  Marine  
  56  6:08  Marine x2  
  56  6:09  Unknown, Command Center  
  38  8:37  Unknown, Command Center  
  38  9:48  Unknown  
  38  9:58  Supply Depot  
  38  10:06  Barracks  
  38  10:12  Engineering Bay  
  38  10:19  Orbital Command  
  38  10:20  Supply Depot  
  38  10:38  Planetary Fortress  
  38  10:53  Liberator  
  38  10:58  Bunker  
  38  11:01  Bunker  
  38  11:04  Factory  
  41  11:22  Refinery  
  41  11:26  Missile Turret  
  41  11:35  Refinery  
  41  11:45  Missile Turret, Marine  
  42  11:58  Factory Tech Lab  
  42  12:02  Supply Depot  
  42  12:03  Marine  
  42  12:07  Missile Turret  
  43  12:09  SCV  
  44  12:20  Marine  
  44  12:21  SCV  
  46  12:38  Marine  
Tags
 
Add a new tag
Caveats
  • Supply blocks, unpowered buildings, or Contaminate may cause inaccurate times.
  • Supply counts are checked every 10 seconds.